 Dungeon Crawl Stone Soup version 0.31-a0-150-g89dc3ad700 (webtiles) character file.

Game seed: 12084075534354946924

171 qw the Shooter (level 5, -6/46 HPs)
             Began as a Minotaur Hunter on June 8, 2023.
             Mangled by Pikel
             ... wielding a +0 whip of flaming
              (7 damage)
             ... on level 3 of the Dungeon.
             The game lasted 00:01:05 (2253 turns).

qw the Shooter (Minotaur Hunter)                    Turns: 2253, Time: 00:01:06

Health: -6/46      AC:  5    Str: 16    XL:     5   Next: 26%
Magic:  4/4        EV: 12    Int:  6    God:
Gold:   211        SH:  0    Dex: 15    Spells: 4/4 levels left

rFire   . . .        Y - +0 shortbow (freeze)
rCold   + . .        (shield currently unavailable)
rNeg    . . .        c - +0 leather armour
rPois   .            (helmet restricted)
rElec   .            (no cloak)
rCorr   .            (no gloves)
SInv    .            d - +1 pair of boots
Will    .....        (no amulet)
Stlth   +            g - ring of protection from cold
HPRegen 0.27/turn    (no ring)
MPRegen 0.09/turn

%: no passive effects
@: no status effects
A: horns 2, retaliatory headbutt
a: no special abilities


You were on level 3 of the Dungeon.
You visited 1 branch of the dungeon, and saw 4 of its levels.

You collected 211 gold pieces.


Innate Abilities, Weirdness & Mutations

You have a pair of horns on your head.
You reflexively headbutt those who attack you in melee.


   Skills:
 - Level 4.0 Fighting
 - Level 6.5 Ranged Weapons
 + Level 0.7 Armour
 - Level 2.1 Dodging
 - Level 0.7 Stealth


You had 4 spell levels left.
You didn't know any spells.
Your spell library was empty.

Inventory:

Hand Weapons
 Y - a +0 shortbow of freezing (weapon)
Armour
 c - a +0 leather armour (worn)
 d - a +1 pair of boots (worn)
Jewellery
 g - a ring of protection from cold (left hand)
Scrolls
 a - 2 scrolls of identify
Potions
 b - a potion of curing
 i - a potion of might
 k - a potion of cancellation

Dungeon Overview and Level Annotations

Branches:
Dungeon (4/15)
 Temple: D:4-7

Altars:
Nemelex Xobeh

Annotations:
D:3 Pikel


Message History

You shoot an arrow.
The arrow hits the lemure but does no damage.
The lemure is moderately wounded.
The lemure hits you. Pikel closely misses you.
You shoot an arrow.
The arrow hits the lemure but does no damage.
The lemure is moderately wounded.
The lemure closely misses you.
Pikel hits you with a +0 whip of flaming.
Pikel burns you.
You shoot an arrow.
The arrow hits the lemure but does no damage.
The lemure is moderately wounded.
The lemure hits you but does no damage.
Pikel hits you with a +0 whip of flaming.
Pikel burns you.
You shoot an arrow.
The arrow hits the lemure but does no damage.
The lemure is moderately wounded.
The lemure misses you. You furiously retaliate!
You headbutt the lemure.
Pikel hits you with a +0 whip of flaming.
Pikel burns you.
2251 ||| DRINKING potion of heal wounds.
You feel much better. The lemure hits you.
Pikel hits you with a +0 whip of flaming!
Pikel burns you.
You shoot an arrow. The arrow hits the lemure.
The arrow freezes the lemure.
The lemure is heavily wounded.
The lemure barely misses you.
Pikel hits you with a +0 whip of flaming.
Pikel burns you.
You shoot an arrow. The arrow closely misses the lemure.
The arrow hits the lemure.
The arrow freezes the lemure.
The lemure is almost dead.
The lemure misses you.
Pikel hits you with a +0 whip of flaming.
Pikel burns you. The lemure hits you!
Pikel hits you with a +0 whip of flaming!
You die...

########
#......############
#.................#
#......##########.# ######
#...............#.# #....#
#...%.........#.#.###....#
#......######.#.#.#......#
#......# ###.#.#.#.#.<..#
#####.##
#@55...........### #.#
#K#>#.#.#......... #.#
#.#.#.#.####..#### #.#
#.#.#.#.# ##.# #####.###
#.#.#.#.# #.# #.......#
#.#.#.#.#####.####
#.......#
#.#.#.#...........
######.......#
#.................
#............#
#.#.#.####........


You could see Pikel and 2 lemures.

Vanquished Creatures
  4 gnolls (D:3)
  4 adders
  A worm (D:2)
  3 dart slugs
  5 ball pythons
  4 bats
  5 endoplasms
  2 giant cockroaches (D:1)
  6 goblins
  3 hobgoblins (D:1)
  12 jackals
  A kobold (D:2)
  7 quokkas
  A frilled lizard (D:1)
  29 rats
87 creatures vanquished.

Notes
Turn   | Place    | Note
-------+----------+-------------------------------------------
     0 | D:1      | qw the Minotaur Hunter began the quest for the Orb.
     0 | D:1      | Reached XP level 1. HP: 18/18 MP: 0/0
     0 | D:1      | 0 ||| qw: Version: 0.2-a-119-g7aa9181
     0 | D:1      | 0 ||| qw: Game counter: 2773
     0 | D:1      | 0 ||| qw: Always use a shield: true
     0 | D:1      | 0 ||| qw: God list: Okawaru
     0 | D:1      | 0 ||| qw: Allow faded altars: false
     0 | D:1      | 0 ||| qw: Do Orc after D:15 true
     0 | D:1      | 0 ||| qw: Do second Lair branch before Depths: true
     0 | D:1      | 0 ||| qw: Lair rune preference: random
     0 | D:1      | 0 ||| qw: Plans: Normal
     0 | D:1      | 0 ||| PLANNING D:1-11
     6 | D:1      | Noticed an iguana
     6 | D:1      | Noticed a tyrant leech
     6 | D:1      | Noticed an imperial myrmidon
     7 | D:1      | Noticed an ettin
    66 | D:1      | Reached XP level 2. HP: 23/25 MP: 1/1
   107 | D:1      | Reached skill level 5 in Ranged Weapons
   263 | D:1      | Reached skill level 3 in Fighting
   277 | D:1      | Found a faded altar of an unknown god.
   289 | D:1      | 289 ||| Stepping ~*~*~tactically~*~*~ (water).
   295 | D:1      | 295 ||| Stepping ~*~*~tactically~*~*~ (water).
   297 | D:1      | 297 ||| Stepping ~*~*~tactically~*~*~ (water).
   300 | D:1      | Reached XP level 3. HP: 31/31 MP: 2/2
   525 | D:1      | 525 ||| DROPPING scarf of invisibility.
   526 | D:1      | 526 ||| READING 2 scrolls labelled LEXTIPS ERUMI.
   527 | D:1      | 527 ||| READING scroll labelled YWIUMO XUY.
   528 | D:1      | 528 ||| READING scroll labelled NYTTUMPUGGO.
   629 | D:1      | 629 ||| READING scroll labelled QIFIFU HIOLU.
   630 | D:1      | 630 ||| READING scroll labelled UZEDDO IFFOENA.
   631 | D:1      | 631 ||| DRINKING 2 puce potions.
   632 | D:1      | 632 ||| DRINKING 2 bubbling green potions.
   633 | D:1      | 633 ||| DROPPING scroll of butterflies.
  1001 | D:2      | 1001 ||| DROPPING +1 sling of freezing.
  1111 | D:2      | Reached XP level 4. HP: 38/38 MP: 3/3
  1134 | D:2      | Reached skill level 6 in Ranged Weapons
  1409 | D:2      | Identified the +7 short sword of Anger {speed, rPois rF+
                  | MP+9}
  1415 | D:2      | 1415 ||| READING scroll labelled ACEVOL VUDGHA.
  1416 | D:2      | 1416 ||| READING scroll labelled BULANKEMUYJ.
  1417 | D:2      | 1417 ||| READING 2 scrolls labelled SUIRIK GAEJU.
  1418 | D:2      | 1418 ||| READING scroll labelled CYREISH KOKLEA.
  1419 | D:2      | 1419 ||| READING scroll labelled KULOOP XUFFOE.
  1422 | D:2      | 1422 ||| DRINKING 2 sedimented brown potions.
  1423 | D:2      | 1423 ||| READING 3 scrolls of identify.
  1423 | D:2      | 1423 ||| IDENTIFYING viscous golden potion
  1424 | D:2      | 1424 ||| READING 2 scrolls of identify.
  1424 | D:2      | 1424 ||| IDENTIFYING emerald potion
  1425 | D:2      | 1425 ||| DROPPING scroll of amnesia.
  1426 | D:2      | 1426 ||| DROPPING potion of ambrosia.
  1542 | D:3      | Found a sparkling altar of Nemelex Xobeh.
  1749 | D:3      | Reached XP level 5. HP: 46/46 MP: 4/4
  1802 | D:3      | 1802 ||| FLEEEEING.
  1803 | D:3      | 1803 ||| FLEEEEING.
  2162 | D:3      | 2162 ||| UPGRADING to +0 pair of boots.
  2167 | D:3      | 2167 ||| READING scroll of enchant armour.
  2167 | D:3      | 2167 ||| ENCHANTING +0 pair of boots.
  2168 | D:3      | 2168 ||| UPGRADING to ring of protection from cold.
  2169 | D:3      | 2169 ||| READING 2 scrolls labelled MAENWESMAMP.
  2170 | D:3      | 2170 ||| DROPPING scroll of fog.
  2222 | D:4      | Noticed Pikel
  2222 | D:4      | Noticed a lemure
  2222 | D:4      | Noticed a lemure
  2224 | D:4      | Noticed a lemure
  2226 | D:4      | Noticed a lemure
  2227 | D:4      | 2227 ||| STAIRDANCE
  2244 | D:4      | 2244 ||| STAIRDANCE
  2250 | D:3      | HP: 10/46 [Pikel/+0 whip of flaming (2)]
  2251 | D:3      | 2251 ||| DRINKING potion of heal wounds.
  2253 | D:3      | HP: 1/46 [lemure[Pikel] (7)]
  2253 | D:3      | Mangled by Pikel

Levels and vault maps discovered:
D:1:      onia_arrival_zoo_common, layout_rooms,
          shapermc_ecumenical_altar_starsandcircs, hangedman_decor_riveting,
          reono_crystal_passage
D:2:      layout_loops_ring, minmay_rat_hole
D:3:      layout_basic, mainiacjoe_overflow_small_starburst
D:4:      layout_loops_ring, mainiacjoe_overflow_boulevard, nicolae_the_louvre,
          uniq_pikel

Skill      XL: |  1  2  3  4 |
---------------+-------------+-----
Ranged Weapons | 5 6 |  6.5
Fighting       | 3 4 |  4.0
Armour         | |  0.7
Dodging        | |  2.1
Stealth        | |  0.7

Action                     |  1- 3 |  4- 6 || total
---------------------------+-------+-------++-------
   Fire: Shortbow          |   129 |   122 ||   251
    Use: Scroll            |     5 |     9 ||    14
         Potion            |     2 |     2 ||     4
 Armour: Leather armour    |    17 |    16 ||    33
  Dodge: Dodged            |    26 |    30 ||    56

Table legend:
 A = Non-vault XP
 B = Vault XP
 C = Vault XP percentage of total XP
 D = Non-vault monster count
 E = Vault monster count
 F = Vault count percentage of total count
                 A         B        C        D         E       F
            +---------+---------+-------+---------+---------+-------
      Total |     225 |      20 |   8.2 |      68 |      19 |  21.8
            +---------+---------+-------+---------+---------+-------
        D:1 |      57 |       0 |   0.0 |      31 |       0 |   0.0
        D:2 |      46 |      20 |  30.3 |      18 |      19 |  51.4
        D:3 |     122 |       0 |   0.0 |      19 |       0 |   0.0
            +---------+---------+-------+---------+---------+-------
